 Dungeon Crawl Stone Soup version 0.31-a0-232-gb1c03b2570 (webtiles) character file.

Game seed: 2590072118145807974

674 protoss039 the Digger (level 7, 0/49 (52) HPs)
             Began as a Demonspawn Earth Elementalist on July 7, 2023.
             Slain by a wight
             ... wielding a +0 battleaxe
              (15 damage)
             ... on level 5 of the Dungeon.
             The game lasted 00:05:34 (4778 turns).

protoss039 the Digger (DsEE)                        Turns: 4778, Time: 00:05:35

HP:   0/49 (52)     AC:  5    Str:  8    XL:     7   Next: 33%
MP:   1/13          EV: 11    Int: 19    God:
Gold: 269           SH:  0    Dex: 13    Spells: 8/14 levels left

rFire   . . .        i - +2 dagger (venom)
rCold   . . .        (no shield)
rNeg    . . .        k - +0 leather armour
rPois   .            (no helmet)
rElec   .            (no cloak)
rCorr   .            (no gloves)
SInv    .            (no boots)
Will    .....        (no amulet)
Stlth   ++           (no ring)
HPRegen 0.28/turn    (no ring)
MPRegen 0.13/turn

%: no passive effects
@: drained
A: claws 1, sharp scales 2
a: no special abilities


You were on level 5 of the Dungeon.
You visited 1 branch of the dungeon, and saw 6 of its levels.

You collected 269 gold pieces.

Inventory:

Hand Weapons
 i - a +2 dagger of venom (weapon)
Armour
 k - a +0 leather armour (worn)
 n - a +0 ring mail of poison resistance
Wands
 l - a wand of flame (15)
Scrolls
 c - 2 scrolls of blinking
 d - a scroll of identify
 f - a scroll of fog
 g - 2 scrolls of poison {unknown}
 m - 3 scrolls of revelation
 o - a scroll of brand weapon {unknown}
 s - a scroll of torment {unknown}
 t - a scroll of teleportation {unknown}
Potions
 a - a potion of curing {unknown}
 b - a potion of magic
 e - a potion of enlightenment {unknown}
 h - a potion of ambrosia {unknown}
 j - a potion of heal wounds
 p - a potion of lignification {unknown}
 q - 2 potions of degeneration {unknown}
 r - a potion of mutation {unknown}


   Skills:
 + Level 3.6 Fighting
 + Level 2.4 Armour
 - Level 1.7 Dodging
 - Level 1.7 Stealth
 + Level 4.0 Spellcasting
 + Level 2.6 Conjurations
 - Level 0.8 Transmutations
 + Level 4.5 Earth Magic


You had 8 spell levels left.
You knew the following spells:

 Your Spells              Type           Power      Damage    Failure   Level
a - Sandblast             Erth           42%        2d11      3%          1
b - Passwall              Tmut/Erth      11%        N/A       10%         2
c - Stone Arrow           Conj/Erth      34%        3d9       13%         3

Your spell library contained the following spells:

 Spells                   Type           Power      Damage    Failure   Level
 Call Canine Familiar     Summ           3%         N/A       50%         3
 Portal Projectile        Hex/Tloc       6%         N/A       50%         3
 Summon Guardian Golem    Hex/Summ       3%         N/A       50%         3
 Petrify                  Tmut/Erth      14%        N/A       54%         4
 Leda's Liquefaction      Hex/Erth       6%         N/A       58%         4
 Orb of Destruction       Conj           6%         9d6       100%        7
 Spellforged Servitor     Conj/Summ      4%         N/A       100%        7


Dungeon Overview and Level Annotations

Branches:
Dungeon (6/15) Zot: 26965
 Temple: D:4-7

Altars:

Shops:
D:5 =


Innate Abilities, Weirdness & Mutations

You have sharp fingernails.
You are mostly covered in razor-sharp scales. (AC +2, Slay +2)


Message History

Nothing appears to happen.
The wight hits you with a +0 battleaxe!
* * * LOW HITPOINT WARNING * * *
Casting: Sandblast (safe; 3% risk of failure)
Confirm with . or Enter, or press ? or * to list all spells.
You don't have enough magic to cast this spell.
You feel much better. The wight closely misses you. x2
Casting: Sandblast (safe; 3% risk of failure)
Confirm with . or Enter, or press ? or * to list all spells.
You don't have enough magic to cast this spell.
The wight attacks as you move away! The wight hits you with a +0 battleaxe!
* * * LOW HITPOINT WARNING * * *
The wight hits you but does no damage.
Unknown command.
Unknown command.
Unknown command.
The wight attacks as you move away! The wight hits you with a +0 battleaxe.
* * * LOW HITPOINT WARNING * * *
Unknown command.
Aiming: Throw Flame
Press: ? - help, Shift-Dir - straight line, f/p - wight
Aim: a wight, wielding a +0 long sword and wearing a +0 robe (heavily damaged, 68% to hit)
The puff of flame hits the wight but does no damage.
The wight barely misses you.
Your magical contamination has completely faded away.
Unknown command.
Unknown command.
Aiming: Throw Flame
Press: ? - help, Shift-Dir - straight line, f/p - wight
Aim: a wight, wielding a +0 long sword and wearing a +0 robe (heavily damaged, 68% to hit)
The puff of flame hits the wight!
The wight is heavily damaged.
The wight closely misses you.
Unknown command.
Aiming: Throw Flame
Press: ? - help, Shift-Dir - straight line, f/p - wight
Aim: a wight, wielding a +0 long sword and wearing a +0 robe (heavily damaged, 68% to hit)
The puff of flame hits the wight but does no damage.
The wight is heavily damaged.
The wight hits you with a +0 battleaxe!
You die...

.##.###..#.....#.#
.#..#...##.......##
###....##.........#
.##..............##
..#..#.........#.#
....>#.####......####
......#######.......#
......###.....#[....##
.......)......##@....#
.#....#..##...zz#...##
.##..#####....#######
.###..## #...##
.......# ##.##
......## ### .....##
.#..## .#..#


You could see 2 wights.

Vanquished Creatures
  Sigmund (D:3)
  A black bear (D:5)
  A scorpion (D:3)
  2 wights
  A hound (D:4)
  A jelly (D:5)
  9 gnolls
  3 adders
  An ufetubus (D:4)
  2 worms
  A dart slug (D:1)
  An orc (D:4)
  5 ball pythons
  7 bats
  8 endoplasms
  2 giant cockroaches
  6 goblins
  10 hobgoblins
  12 jackals
  4 quokkas
  A frilled lizard (D:1)
  4 kobolds
  2 rats
85 creatures vanquished.

Notes
Turn   | Place    | Note
-------+----------+-------------------------------------------
     0 | D:1      | protoss039 the Demonspawn Earth Elementalist began the
                  | quest for the Orb.
     0 | D:1      | Reached XP level 1. HP: 13/13 MP: 3/3
   320 | D:1      | Gained mutation: You have sharp fingernails. [demonic
                  | ancestry]
   320 | D:1      | Reached XP level 2. HP: 18/20 MP: 5/5
   440 | D:1      | Reached skill level 1 in Fighting
  1107 | D:1      | Learned a level 2 spell: Passwall
  1190 | D:2      | Reached XP level 3. HP: 10/26 MP: 4/6
  1314 | D:2      | Found a faded altar of an unknown god.
  1449 | D:2      | You fall into a shaft and drop 1 floor!
  1458 | D:3      | Gained mutation: You are partially covered in razor-sharp
                  | scales. (AC +1, Slay +1) [demonic ancestry]
  1458 | D:3      | Reached XP level 4. HP: 33/33 MP: 3/8
  1771 | D:3      | Learned a level 3 spell: Stone Arrow
  2033 | D:3      | Noticed Sigmund
  2042 | D:3      | Killed Sigmund
  2043 | D:3      | Reached skill level 1 in Armour
  2043 | D:3      | Reached skill level 1 in Conjurations
  2043 | D:3      | Reached XP level 5. HP: 40/40 MP: 1/10
  2196 | D:3      | Reached XP level 6. HP: 44/46 MP: 0/11
  4170 | D:5      | Entered Level 5 of the Dungeon
  4311 | D:5      | Gained mutation: You are mostly covered in razor-sharp
                  | scales. (AC +2, Slay +2) [demonic ancestry]
  4311 | D:5      | Reached XP level 7. HP: 52/52 MP: 5/12
  4547 | D:5      | Found Xeohyagh's Jewellery Shop.
  4778 | D:5      | Slain by a wight

Illustrated notes

Levels and vault maps discovered:
D:1:      lemuel_arrival_cross, layout_basic, nicolae_houndstooth_variations
D:2:      layout_loops_ring, chequers_ecumenical_altar_island,
          amcnicky_mini_rare_corridor_liquid, minmay_misc_feat_square,
          minmay_tromino_v2
D:3:      layout_basic, good_gods_mini_temple, uniq_sigmund
D:4:      layout_basic
D:5:      layout_cave_pools, serial_shops, kennysheep_mini,
          hangedman_abyss_or_decor_jellyfish_corner
D:6:      layout_cave_pools, temple_doors_e

Skill      XL: |  1  2  3  4  5  6  7 |
---------------+----------------------+-----
Earth Magic    | 3 4 |  4.5
Fighting       | 1 2 3 |  3.6
Spellcasting   | 3 4 |  4.0
Armour         | 1 2 |  2.4
Conjurations   | 1 2 |  2.6
Dodging        | |  1.7
Stealth        | |  1.7
Transmutations | |  0.8

Action                     |  1- 3 |  4- 6 |  7- 9 || total
---------------------------+-------+-------+-------++-------
  Melee: Short sword       |     6 |       |       ||     6
         Unarmed           |     1 |       |       ||     1
         Dagger            |    19 |    41 |       ||    60
         Punch             |       |     1 |       ||     1
   Cast: Sandblast         |    29 |    51 |     4 ||    84
         Stone Arrow       |       |    11 |     4 ||    15
  Evoke: Wand              |       |       |     3 ||     3
    Use: Scroll            |       |     5 |       ||     5
         Potion            |       |       |     3 ||     3
   Stab: Sleeping          |     3 |     3 |       ||     6
 Armour: Robe              |     2 |       |       ||     2
         Leather armour    |     6 |    20 |     1 ||    27
  Dodge: Dodged            |    27 |    36 |    14 ||    77

Table legend: (Time is in decaauts)
 A = Elapsed time spent in this place.
 B = Non-inter-level travel time spent in this place.
 C = Inter-level travel time spent in this place.
 D = Time resting spent in this place.
 E = Time spent auto-exploring this place.
 F = Levels seen in this place.
 G = Mean time per level.
                   A        B        C        D        E       F      G
               +--------+--------+--------+--------+--------+-----+--------+
         Total |   4826 |   4615 |    211 |     40 |   3989 |   6 |  804.3 |
       Dungeon |   4826 |   4615 |    211 |     40 |   3989 |   6 |  804.3 |
               +--------+--------+--------+--------+--------+-----+--------+

Top non-repeatable levels by time:
     D:3: 1390 daAuts
     D:1: 1186 daAuts
     D:2: 1002 daAuts
     D:4: 637 daAuts
     D:5: 603 daAuts
     D:6: 6 daAuts
